 Dungeon Crawl Stone Soup version 0.29-a0-330-g52719c12eb (webtiles) character file.

Game seed: 11099226896765214288

427 kae the Magician (level 6, -6/35 HPs)
             Began as a Deep Elf Fire Elementalist on May 1, 2022.
             Killed from afar by a steam dragon (8 damage)
             ... with a ball of steam
             ... on level 4 of the Dungeon.
             The game lasted 00:02:07 (4168 turns).

kae the Magician (Deep Elf Fire Elementalist)       Turns: 4168, Time: 00:02:08

Health: -6/35      AC:  8    Str: 11    XL:     6   Next: 65%
Magic:  6/15       EV: 14    Int: 22    God:
Gold:   144        SH:  0    Dex: 15    Spells: 2/15 levels left

rFire   . . .      SeeInvis .   o - +6 scythe (venom)
rCold   . . .      Faith    .   (shield currently unavailable)
rNeg    . . .      Spirit   .   a - +0 robe
rPois   .          Reflect  .   q - +0 helmet
rElec   .          Harm     .   p - +0 cloak
rCorr   .          Rampage  .   (no gloves)
Will    .....                   (no boots)
Stlth   ++........              (no amulet)
HPRegen 0.11/turn               m - +6 ring of strength
MPRegen 0.14/turn               e - +4 ring of protection

@: no status effects
A: no striking features
a: no special abilities


You were on level 4 of the Dungeon.
You visited 1 branch of the dungeon, and saw 4 of its levels.

You collected 144 gold pieces.

Inventory:

Hand Weapons
 i - a +0 vorpal dagger
 o - a +6 scythe of venom (weapon)
Armour
 a - a +0 robe (worn)
 p - a +0 cloak (worn)
 q - a +0 helmet (worn)
Jewellery
 e - a +4 ring of protection (right hand)
 f - a ring of positive energy
 m - a +6 ring of strength (left hand)
Wands
 h - a wand of paralysis (10)
Scrolls
 c - a scroll of magic mapping
 d - 2 scrolls of identify
Potions
 b - 2 potions of magic
 g - a potion of invisibility
 j - 2 potions of heal wounds
 k - 2 potions of ambrosia {unknown}
 n - 3 potions of mutation


   Skills:
 + Level 2.3 Fighting
 + Level 4.4 Dodging
 - Level 2.4 Stealth
 + Level 5.0 Spellcasting
 + Level 3.3 Conjurations
 + Level 4.6 Fire Magic


You had 2 spell levels left.
You knew the following spells:

 Your Spells              Type           Power      Damage    Failure   Level
a - Foxfire               Conj/Fire      92%        2x1d8     1%          1
b - Scorch                Fire           52%        2d8       2%          2
c - Conjure Flame         Conj/Fire      23%        6-21      6%          3
d - Inner Flame           Hex/Fire       15%        N/A       12%         3
e - Flame Wave            Conj/Fire      23%        2d7       19%         4

Your spell library contained the following spells:

 Spells                   Type           Power      Damage    Failure   Level
 Summon Small Mammal      Summ           20%        N/A       10%         1
 Call Canine Familiar     Summ           5%         N/A       30%         3
 Summon Guardian Golem    Hex/Summ       5%         N/A       30%         3


Dungeon Overview and Level Annotations

Branches:
Dungeon (4/15)
 Temple: D:4-7

Altars:


Message History

Confirm with . or Enter, or press ? or * to list all spells.
You conjure some foxfire!
The foxfire hits the steam dragon but does no damage.
The foxfire hits the steam dragon.
The steam dragon is lightly wounded.
The steam dragon breathes steam at you. The ball of steam hits your foxfire.
Your foxfire resists.
The ball of steam hits you!
You are engulfed in a cloud of scalding steam.
The foxfire hits the steam dragon.
The steam dragon is lightly wounded.
The foxfire hits the steam dragon but does no damage.
The steam dragon is lightly wounded.
The steam dragon breathes steam at you. The ball of steam hits you!
* * * LOW HITPOINT WARNING * * *
Casting: Foxfire (safe; 1% risk of failure)
Confirm with . or Enter, or press ? or * to list all spells.
You conjure some foxfire!
The foxfire hits the steam dragon.
The steam dragon is moderately wounded.
The foxfire hits the steam dragon.
The steam dragon is moderately wounded.
Casting: Foxfire (safe; 1% risk of failure)
Confirm with . or Enter, or press ? or * to list all spells.
You conjure some foxfire!
The foxfire hits the steam dragon!
The steam dragon is heavily wounded.
The foxfire hits the steam dragon.
The steam dragon is severely wounded.
Casting: Foxfire (safe; 1% risk of failure)
Confirm with . or Enter, or press ? or * to list all spells.
Flames lash the steam dragon but do no damage.
The steam dragon bites you but does no damage.
The steam dragon claws you.
* * * LOW HITPOINT WARNING * * *
The steam dragon breathes steam at you. The ball of steam hits you!
You die...

...# ...# #### #..# ....
##### #..# ..... ....#
#..# ..... )...+
#..#......
....############..#......
................@.......#
.................D.......
....##.######.##........#
....##.# #<....#..#..####
######.# #.....#..#.....
.# #.# #.###.#... .....
.# #.# #.# ........... .#
#######. ........... .#
##.....########.#..#.#


You could see a steam dragon (catching breath).

Vanquished Creatures
  Sigmund (D:2)
  An ogre (D:3)
  A hound (D:4)
  7 adders
  4 worms
  2 dart slugs (D:3)
  An orc (D:3)
  3 ball pythons
  12 endoplasms
  3 giant cockroaches
  13 goblins
  3 hobgoblins (D:2)
  9 jackals
  4 kobolds
  A quokka (D:3)
  4 bats
  5 frilled lizards
  2 rats
76 creatures vanquished.

Vanquished Creatures (collateral kills)
  2 foxfires (D:1)
2 creatures vanquished.

Vanquished Creatures (others)
  208 foxfires
  12 plants (D:4)
220 creatures vanquished.

Grand Total: 298 creatures vanquished

Notes
Turn   | Place    | Note
-------+----------+-------------------------------------------
     0 | D:1      | kae the Deep Elf Fire Elementalist began the quest for the
                  | Orb.
     0 | D:1      | Reached XP level 1. HP: 10/10 MP: 6/6
   295 | D:1      | Reached XP level 2. HP: 16/16 MP: 5/8
  1195 | D:1      | Learned a level 2 spell: Scorch
  1229 | D:1      | Found a faded altar of an unknown god.
  1257 | D:1      | Reached XP level 3. HP: 20/20 MP: 7/9
  1261 | D:1      | Learned a level 3 spell: Conjure Flame
  1657 | D:2      | Reached skill level 1 in Fighting
  2229 | D:2      | Noticed Sigmund
  2238 | D:2      | Killed Sigmund
  2239 | D:2      | Reached skill level 4 in Spellcasting
  2239 | D:2      | Reached XP level 4. HP: 5/26 MP: 8/12
  2239 | D:2      | Reached XP level 5. HP: 6/30 MP: 8/13
  3470 | D:3      | Reached XP level 6. HP: 35/35 MP: 14/14
  3777 | D:4      | Noticed a steam dragon
  4118 | D:4      | Learned a level 3 spell: Inner Flame
  4123 | D:4      | Learned a level 4 spell: Flame Wave
  4147 | D:4      | Reached skill level 5 in Spellcasting
  4168 | D:4      | Killed from afar by a steam dragon

Illustrated notes

Levels and vault maps discovered:
D:1:      lightli_arrival_farm, layout_loops_ring,
          shapermc_ecumenical_altar_petra
D:2:      kennysheep_the_goblin_king, layout_basic, uniq_sigmund
D:3:      layout_rooms, serial_co_window_serial, co_window_corner_a,
          co_window_of_opportunity_a, co_window_of_opportunity_a,
          co_window_corner_a, co_window_corner_a, co_window_paths_b,
          co_window_corner_a, co_window_corner_cb, co_window_unsneaky_path_c,
          co_window_2corner, co_window_broadway_b, glass_columns_a,
          glass_columns_a, glass_columns_c
D:4:      layout_basic, minmay_temple_entry_trees, chequers_big_river,
          grunt_ministairs_10

Skill      XL: |  1  2  3  4  5  6 |
---------------+-------------------+-----
Dodging        | 3 4 |  4.4
Fighting       | 1 2 |  2.3
Conjurations   | 2 3 |  3.3
Spellcasting   | 4 5 |  5.0
Fire Magic     | 4 |  4.6
Stealth        | |  2.4

Action                   |  1- 3 |  4- 6 || total
-------------------------+-------+-------++-------
Melee: Scythe            |       |    35 ||    35
 Cast: Foxfire           |    88 |    43 ||   131
       Scorch            |     2 |     7 ||     9
  Use: Potion            |     1 |       ||     1
       Scroll            |       |     9 ||     9
 Stab: Sleeping          |       |     4 ||     4
Armor: Robe              |     4 |    21 ||    25
Dodge: Dodged            |    24 |    35 ||    59

Table legend: (Time is in decaauts)
 A = Elapsed time spent in this place.
 B = Non-inter-level travel time spent in this place.
 C = Inter-level travel time spent in this place.
 D = Time resting spent in this place.
 E = Time spent auto-exploring this place.
 F = Levels seen in this place.
 G = Mean time per level.
                   A        B        C        D        E       F      G
               +--------+--------+--------+--------+--------+-----+--------+
         Total |   4224 |   4144 |     80 |    274 |   3272 |   4 | 1056.0 |
       Dungeon |   4224 |   4144 |     80 |    274 |   3272 |   4 | 1056.0 |
               +--------+--------+--------+--------+--------+-----+--------+

Top non-repeatable levels by time:
     D:1: 1527 daAuts
     D:3: 1300 daAuts
     D:2: 1127 daAuts
     D:4: 269 daAuts
